 Dungeon Crawl Stone Soup version 0.30.1-4-g462c640d31 (webtiles) character file.

Game seed: 17835342093825898425

1273 Wiggles the Cleaver (level 8, -3/70 HPs)
             Began as a Minotaur Berserker on Sept 14, 2023.
             Was an Elder of Trog.
             Slain by Grinder (5 damage)
             ... on level 5 of the Dungeon.
             The game lasted 00:05:25 (3729 turns).

Wiggles the Cleaver (Minotaur Berserker)            Turns: 3729, Time: 00:05:26

Health: -3/70      AC:  8    Str: 24    XL:     8   Next: 28%
Magic:  7/7        EV: 16    Int: 10    God:    Trog [****..]
Gold:   197        SH:  0    Dex: 10    Spells: 7/7 levels left

rFire   . . .        a - +0 hand axe
rCold   . . .        (no shield)
rNeg    . . .        g - +0 scale mail
rPois   .            (helmet restricted)
rElec   .            q - +0 cloak
rCorr   .            (no gloves)
SInv    .            (no boots)
Will    .....        h - amulet of faith Stlth
                     b - +6 ring of intelligence
HPRegen 0.31/turn    D - +5 ring of evasion
MPRegen 0.10/turn

%: faith
@: on berserk cooldown, slowed, very slow
A: horns 2, retaliatory headbutt
a: Renounce Religion, Berserk, Trog's Hand, Brothers in Arms


You were on level 5 of the Dungeon.
You worshipped Trog.
Trog was greatly pleased with you.
You visited 1 branch of the dungeon, and saw 5 of its levels.

You collected 197 gold pieces.

Inventory:

Hand Weapons
 a - a +0 hand axe (weapon)
Armour
 g - a +0 scale mail (worn)
 q - a +0 cloak (worn)
Jewellery
 b - a +6 ring of intelligence (left hand)
 h - an amulet of faith (around neck)
 o - an amulet of magic regeneration
 w - an amulet of reflection
 D - a +5 ring of evasion (right hand)
Wands
 n - a wand of flame (10)
 y - a wand of digging (6)
 A - a wand of light (5)
Scrolls
 e - a scroll of enchant armour {unknown}
 f - 3 scrolls of identify {unknown}
 i - 2 scrolls of butterflies {unknown}
 m - a scroll of fog {unknown}
 p - a scroll of poison {unknown}
 v - a scroll of brand weapon {unknown}
 x - 2 scrolls of fear {unknown}
 B - a scroll of teleportation {unknown}
Potions
 c - a potion of haste {unknown}
 d - 4 potions of curing {unknown}
 j - a potion of lignification {unknown}
 k - 2 potions of invisibility
 l - a potion of degeneration {unknown}
 r - 2 potions of heal wounds {unknown}
 s - a potion of berserk rage {unknown}
 t - 3 potions of cancellation {unknown}
 u - 2 potions of ambrosia {unknown}
 z - a potion of mutation {unknown}
 C - a potion of might {unknown}


   Skills:
 + Level 6.1 Fighting
 + Level 9.1 Axes
 + Level 6.1 Armour
 + Level 4.2 Dodging
 + Level 0.6 Stealth


You had 7 spell levels left.
You didn't know any spells.
Your spell library was empty.

Dungeon Overview and Level Annotations

Branches:
Dungeon (5/15)
 Temple: D:4-7

Altars:
Sif Muna

Shops:
D:1 :

Annotations:
D:5 Grinder


Innate Abilities, Weirdness & Mutations

You have a pair of horns on your head.
You reflexively headbutt those who attack you in melee.


Message History

Grinder hits you.
* * * LOW HITPOINT WARNING * * *
You writhe in agony.
* * * LOW HITPOINT WARNING * * *
You can move again.
A red film seems to cover your vision as you go berserk!
You feel yourself moving faster!
You feel mighty! The gnoll barely misses you.
Grinder blinks!
You feel a strong urge to attack something.
The centaur unwields a +0 shortbow.
The centaur completely misses you.
The centaur kicks you but does no damage.
The gnoll completely misses you. The gnoll misses you.
The centaur hits you but does no damage.
The centaur kicks you but does no damage.
You feel your anger nearly subside.
You are no longer berserk.
You are exhausted.
You feel yourself slow down.
The centaur wields a +0 shortbow.
The centaur shoots an arrow.
The arrow hits you.
* * * LOW HITPOINT WARNING * * *
You hit the gnoll. You headbutt the gnoll.
The gnoll is moderately wounded.
The gnoll completely misses you.
The centaur unwields a +0 shortbow.
The centaur closely misses you. x2
You barely miss the gnoll.
The gnoll is moderately wounded.
You hit the centaur but do no damage. The centaur closely misses you.
The centaur kicks you.
* * * LOW HITPOINT WARNING * * *
The gnoll hits you from afar with a +0 spear.
* * * LOW HITPOINT WARNING * * *
You hit Grinder but do no damage. Your headbutt misses Grinder.
Grinder is heavily wounded.
You closely miss the gnoll. You hit the centaur but do no damage.
The centaur barely misses you. The centaur misses you.
The gnoll hits you from afar with a +0 spear!
* * * LOW HITPOINT WARNING * * *
The gnoll barely misses you. Grinder misses you. The centaur hits you.
* * * LOW HITPOINT WARNING * * *
The centaur misses you. Grinder hits you.
You die...

#..####.##.#.... ........##.)
#.......#.#####..........#...
^...###..#.#####............#.
...##....#....... <.......###.
#......).....#.# ........# #.
...........#...# ........# #.
####..#......### ###..>### ##
##........## #.## #.##..)g5@#
#. #....cg..# # #!.#.##......#
#..#.###....... ...##.#
#...... .... ... ....#. ....#
#.# ...... .### #.# .##..#


You could see Grinder, a centaur and 2 gnolls.

Vanquished Creatures
  Edmund (D:5)
  Duvessa (D:5)
  2 ice beasts
  4 phantoms
  Dowan (D:5)
  3 killer bees (D:5)
  2 hounds
  2 jellies (D:4)
  3 iguanas
  2 gnolls
  6 adders
  6 worms
  6 orcs
  4 bats
  13 endoplasms
  3 giant cockroaches
  7 goblins
  11 hobgoblins
  7 jackals
  4 kobolds
  7 quokkas
  5 ball pythons
  5 frilled lizards
  6 rats
111 creatures vanquished.

Notes
Turn   | Place    | Note
-------+----------+-------------------------------------------
     0 | D:1      | Wiggles the Minotaur Berserker began the quest for the Orb.
     0 | D:1      | Reached XP level 1. HP: 19/19 MP: 0/0
    97 | D:1      | Found Ocheaved's Book Emporium.
   107 | D:1      | Reached skill level 4 in Axes
   107 | D:1      | Reached XP level 2. HP: 22/27 MP: 1/1
   360 | D:1      | Reached XP level 3. HP: 26/33 MP: 2/2
   595 | D:1      | Reached ** piety under Trog
   999 | D:2      | Reached XP level 4. HP: 37/41 MP: 3/3
  1281 | D:2      | Reached skill level 5 in Axes
  1320 | D:2      | Identified the +1 whip of Watchfulness {holy, *Rage rC+
                  | rN+}
  1682 | D:3      | Noticed an ice beast
  1691 | D:3      | Killed an ice beast
  1692 | D:3      | Reached XP level 5. HP: 20/47 MP: 4/4
  1989 | D:3      | Reached *** piety under Trog
  2128 | D:3      | Noticed a phantom
  2142 | D:3      | Killed a phantom
  2143 | D:3      | Reached skill level 6 in Axes
  2143 | D:3      | Reached XP level 6. HP: 39/55 MP: 5/5
  2730 | D:4      | Identified the +2 dagger "Ito Qes" {elec, Int+2 Dex+2
                  | Stlth+}
  2922 | D:4      | Reached skill level 5 in Fighting
  3100 | D:4      | Reached skill level 7 in Axes
  3104 | D:4      | Reached XP level 7. HP: 55/61 MP: 6/6
  3194 | D:4      | Found a shimmering blue altar of Sif Muna.
  3419 | D:5      | Entered Level 5 of the Dungeon
  3419 | D:5      | Noticed Duvessa
  3419 | D:5      | Noticed Dowan
  3428 | D:5      | Killed Dowan
  3428 | D:5      | Reached **** piety under Trog
  3432 | D:5      | Reached skill level 5 in Armour
  3435 | D:5      | Killed Duvessa
  3436 | D:5      | Reached skill level 8 in Axes
  3444 | D:5      | Reached XP level 8. HP: 10/70 MP: 7/7
  3641 | D:5      | Noticed Edmund
  3650 | D:5      | Killed Edmund
  3651 | D:5      | Reached skill level 9 in Axes
  3698 | D:5      | Noticed Grinder
  3719 | D:5      | Paralysed by Grinder for 3 turns
  3729 | D:5      | HP: 3/70 [gnoll/+0 spear (7)]
  3729 | D:5      | Slain by Grinder

Illustrated notes

Levels and vault maps discovered:
D:1:      onia_arrival_handbag, layout_basic, serial_shops, shop
D:2:      cheibrodos_helix_gallery, layout_loops_ring, kennysheep_small_spiral
D:3:      layout_loops_corners
D:4:      layout_loops_cross, marbit_many_paths
D:5:      layout_rooms, mainiacjoe_overflow_boulevard, general_overflow_altar,
          nicolae_uskayaw_murder_on_the_dancefloor, lightli_church_of_beogh,
          uniq_grinder, uniq_duvessa, uniq_edmund

Skill      XL: |  1  2  3  4  5  6  7  8 |
---------------+-------------------------+-----
Axes           | 4 5 6 7 8 9 |  9.1
Fighting       | 4 5 6 |  6.1
Dodging        | 3 4 |  4.2
Armour         | 3 4 5 6 |  6.1
Stealth        | |  0.6

Action                     |  1- 3 |  4- 6 |  7- 9 || total
---------------------------+-------+-------+-------++-------
  Melee: Hand axe          |    79 |   133 |    59 ||   271
         Headbutt          |    12 |    21 |     7 ||    40
         Punch             |     2 |     1 |     1 ||     4
 Invoke: Berserk           |     1 |       |     3 ||     4
 Armour: Animal skin       |    10 |       |       ||    10
         Scale mail        |     8 |    34 |    27 ||    69
  Dodge: Dodged            |    46 |    71 |    39 ||   156
